Map: Paladino Terminal LE

Players

Musumeci - Winner!

  • Race: Zerg Zerg
  • League: Diamond
  • Spawn Location: 9:00

AgressorGG

  • Race: Terran Terran
  • League: Diamond
  • Spawn Location: 5:00

VOD

Have the link to the VOD?

Description

Time

  • Played on: March 11, 2017, 4:51 a.m.
  • Length: 17:07
Show
View Real Time Build Order
Export as new Build Order

Musumeci Zerg - Winner!

Build Orders: Pool First 

Get SALT Encoding   

  12  0:01  Drone  
  13  0:09  Extractor  
  13  0:12  Drone  
  14  0:24  Drone, Extractor  
  14  0:27  Overlord  
  15  0:42  Spawning Pool  
  14  0:47  Extractor  
  13  1:01  Drone x3  
  17  1:26  Drone  
  17  1:29  Extractor  
  18  1:36  Drone x2  
  18  1:38  Queen, Extractor  
  21  1:49  Extractor  
  21  1:50  Zergling x2  
  21  1:57  Extractor  
  21  2:04  Zergling x2  
  22  2:21  Hatchery  
  21  2:27  Overlord  
  21  2:45  Queen  
  22  2:55  Zergling x12  
  22  2:56  Metabolic Boost  
  27  3:18  Baneling Nest  
  26  3:27  Zergling x4  
  28  3:36  Queen  
  30  3:42  Zergling x2  
  30  3:43  Zergling x4  
  34  3:55  Zergling x6  
  34  3:58  Overlord  
  34  4:01  Baneling x5  
  34  4:02  Baneling  
  24  4:42  Zergling x18  
  32  5:02  Zergling x8  
  33  5:27  Zergling x10  
  31  5:36  Zergling x2  
  31  5:45  Zergling x10  
  33  6:02  Baneling x6  
  33  6:06  Zergling x2  
  33  6:07  Zergling x4  
  35  6:30  Zergling x8  
  35  6:31  Zergling x2  
  32  6:50  Zergling x12  
  37  6:58  Spore Crawler  
  28  7:20  Spore Crawler  
  26  7:35  Queen  
  24  7:46  Queen  
  17  8:10  Queen  
  14  8:34  Drone x5  
  20  8:48  Drone  
  17  9:12  Spore Crawler x2  
  15  9:26  Spore Crawler  
  14  9:35  Drone  
  14  9:36  Drone  
  14  9:58  Drone x3  
  16  10:03  Zergling x2  
  17  10:16  Drone x2  
  19  10:32  Zergling x2  
  19  10:55  Hatchery  
  13  11:33  Queen  
  13  11:35  Zergling x12  
  22  12:05  Hatchery  
  19  12:36  Queen  
  21  12:56  Evolution Chamber  
  20  13:30  Overlord x2  
  20  13:43  Lair  
  20  14:12  Zergling x4  
  20  14:13  Zergling x12  
  20  14:15  Drone x3  
  31  14:43  Overseer  
  30  15:03  Zergling x10  
  35  15:17  Baneling x4  
  35  15:18  Baneling x3  
  35  15:19  Baneling x3  
  35  15:25  Zergling x2  
  35  15:27  Overlord x2  
  33  15:56  Zergling x8  
  33  15:57  Zergling x10  
  28  16:14  Zergling x2  
  28  16:15  Zergling x6  
  32  16:24  Extractor  
Show
View Real Time Build Order
Export as new Build Order

AgressorGG Terran 

Build Orders: Hellion Banshee 

Get SALT Encoding   

  12  0:01  SCV  
  13  0:13  SCV  
  14  0:18  Supply Depot  
  14  0:25  SCV  
  15  0:30  Refinery  
  15  0:40  SCV  
  16  0:48  Barracks  
  16  0:52  SCV  
  17  1:04  SCV  
  17  1:09  Engineering Bay  
  18  1:16  SCV  
  19  1:36  Engineering Bay  
  19  1:38  Supply Depot  
  19  1:44  Reaper  
  19  1:50  Orbital Command  
  19  2:08  Factory  
  19  2:22  SCV  
  20  2:24  Barracks Reactor, Refinery  
  20  2:36  SCV  
  21  2:53  SCV  
  22  3:05  SCV  
  23  3:17  SCV  
  23  3:18  Command Center  
  23  3:19  Starport  
  24  3:21  Supply Depot  
  24  3:23  Barracks Tech Lab  
  24  3:25  Hellion x2  
  28  3:29  SCV  
  29  3:41  SCV  
  29  3:46  Hellion  
  29  3:48  Hellion  
  34  3:53  SCV  
  34  3:54  Supply Depot  
  35  4:05  SCV  
  35  4:08  Hellion  
  38  4:15  Banshee  
  41  4:18  SCV, Cloaking Field  
  40  4:37  Marine  
  40  4:38  Hellion  
  32  4:56  Orbital Command  
  32  5:13  Factory Reactor  
  32  5:14  Banshee, Marine  
  17  5:49  Supply Depot  
  16  5:55  Supply Depot  
  16  5:57  Banshee  
  9  8:15  Orbital Command  
  6  9:10  Hellion  
  6  9:11  Marine  
  6  9:12  Viking  
  6  9:15  Orbital Command  
  10  10:05  SCV  
  11  10:17  SCV  
  12  10:29  SCV  
  13  10:41  SCV  
  14  10:53  SCV  
  15  11:05  SCV  
  16  11:18  SCV  
  17  11:30  SCV  
  18  11:42  SCV, Refinery  
  17  11:54  SCV  
  17  12:22  SCV  
  18  12:29  Command Center  
  16  12:37  Hellion, Marine  
  16  12:38  SCV  
  20  13:21  SCV  
  21  13:33  SCV  
  21  13:34  Supply Depot  
  22  14:00  Orbital Command  
  22  14:03  SCV  
  22  14:07  Refinery  
  23  14:15  SCV  
  23  14:17  Bunker  
  24  14:20  Orbital Command  
  24  14:32  Barracks Tech Lab  
  24  14:33  Factory Tech Lab  
  24  14:37  Starport Reactor  
  24  14:38  SCV  
  25  14:51  SCV  
  26  14:55  SCV  
  27  15:03  SCV  
  25  15:07  SCV  
  25  15:10  Siege Tank  
  25  15:12  Marine  
  30  15:15  SCV  
  30  15:19  SCV  
  32  15:27  SCV  
  33  15:30  Marine  
  34  15:38  SCV  
  34  15:39  SCV  
  30  15:50  SCV  
  30  15:51  SCV  
  31  15:59  Liberator  
  27  16:05  Marine, Siege Tank  
  27  16:44  Bunker  
Tags
 
Add a new tag
Caveats
  • Supply blocks, unpowered buildings, or Contaminate may cause inaccurate times.
  • Supply counts are checked every 10 seconds.